 Dungeon Crawl Stone Soup version 0.25.1-1-g288607f5aa (webtiles) character file.

Game seed: 3909414812243604786

84 Doot the Firebug (level 4, 0/24 HPs)
             Began as a Tengu Fire Elementalist on July 18, 2020.
             Succumbed to a worker ant's poison
             ... on level 3 of the Dungeon on July 22, 2020.
             The game lasted 00:05:52 (1010 turns).

Doot the Firebug (Tengu Fire Elementalist)          Turns: 1010, Time: 00:05:53

Health: 0/24       AC:  2    Str:  8    XL:     4   Next: 46%
Magic:  2/9        EV: 13    Int: 16    God:
Gold:   39         SH:  0    Dex: 15    Spells: 7/8 levels left

rFire    + . .     SeeInvis .   f - +0 short sword
rCold    + . .     Gourm    .   (no shield)
rNeg     . . .     Faith    .   a - +0 robe
rPois    +         Spirit   .   (helmet restricted)
rElec    +         Reflect  .   i - scarf {repulsion}
rCorr    +         Harm     .   (no gloves)
MR       .....                  (boots unavailable)
Stlth    ++........             (no amulet)
HPRegen  0.08/turn              (no ring)
MPRegen  0.11/turn              (no ring)

@: lethally poisoned (0 -> -3), resistant, repel missiles
A: beak, talons 3
a: no special abilities


You were on level 3 of the Dungeon.
You were hungry.

You visited 1 branch of the dungeon, and saw 4 of its levels.

You collected 39 gold pieces.

Inventory:

Hand Weapons
 f - a +0 short sword (weapon)
Armour
 a - a +0 robe (worn)
 h - a +0 leather armour of positive energy
 i - a scarf of repulsion (worn)
Jewellery
 j - an uncursed ring of ice
Scrolls
 e - 2 scrolls of magic mapping {unknown}
 g - a scroll of noise {unknown}
 k - a scroll of identify {unknown}
Comestibles
 b - 2 chunks of flesh
 c - a ration


   Skills:
 + Level 2.4 Dodging
 + Level 2.3 Stealth
 + Level 2.9 Spellcasting
 + Level 2.0 Conjurations
 + Level 4.4 Fire Magic


You had 7 spell levels left.
You knew the following spells:

 Your Spells              Type           Power        Failure   Level  Hunger
a - Foxfire               Conj/Fire      ##..         4%          1    #......

Your spell library contained the following spells:

 Spells                   Type           Power        Failure   Level  Hunger
 Conjure Flame            Conj/Fire      ##......     16%         3    ###....
 Beastly Appendage        Tmut           #.....       19%         1    #......
 Inner Flame              Hex/Fire       #.......     22%         3    ###....
 Sticks to Snakes         Tmut           #.......     28%         2    ##.....
 Sticky Flame             Conj/Fire      ##......     45%         4    #####..
 Spider Form              Tmut/Pois      #.........   50%         3    ###....
 Fireball                 Conj/Fire      ##........   80%         5    ######.
 Ice Form                 Ice/Tmut       #.......     88%         4    #####..
 Blade Hands              Tmut           #.........   99%         5    ######.


Dungeon Overview and Level Annotations

Branches:
Dungeon (4/15)
 Temple: D:4-7

Altars:

Annotations:
D:3 Sigmund


Innate Abilities, Weirdness & Mutations

You have a beak for a mouth.
You have claws for feet.


Message History

It was a potion of resistance.
You feel protected.
* * * LOW HITPOINT WARNING * * *
You feel sick.
You see here a worker ant corpse.
You butcher the worker ant corpse.
* * * LOW HITPOINT WARNING * * *
You feel sick.
You see here 2 chunks of flesh.
b - 2 chunks of flesh
* * * LOW HITPOINT WARNING * * *
You feel sick.
* * * LOW HITPOINT WARNING * * *
You feel sick.
* * * LOW HITPOINT WARNING * * *
You feel sick.
You see here a war axe.
* * * LOW HITPOINT WARNING * * *
You feel sick.
You die...

#.##.######...## #
#.###.........##+##
#
#...).)..####.##.#
#####.#### #.##.#
#.##### #.##.######
#.....# #.#.......#
#.###.# #......##.#
#.###.###.#...###.#
#.@................
###########..####.#
#..# #.# #..# #.#
#... ..# #.## ###


There were no monsters in sight!

Vanquished Creatures
  Jessica (D:2)
  An iguana (D:4)
  A worker ant (D:3)
  A leopard gecko (D:2)
  A bat (D:3)
  3 hobgoblins
  A goblin (D:2)
  A kobold (D:3)
  A rat (D:1)
11 creatures vanquished.

Vanquished Creatures (others)
  61 foxfires
61 creatures vanquished.

Grand Total: 72 creatures vanquished

Notes
Turn   | Place    | Note
-------+----------+-------------------------------------------
     0 | D:1      | Doot the Tengu Fire Elementalist began the quest for the
                  | Orb.
     0 | D:1      | Reached XP level 1. HP: 10/10 MP: 4/4
   478 | D:2      | Noticed Jessica
   482 | D:2      | Killed Jessica
   482 | D:2      | Reached skill level 4 in Fire Magic
   482 | D:2      | Reached XP level 2. HP: 9/15 MP: 4/6
   482 | D:2      | Reached XP level 3. HP: 12/19 MP: 4/7
   769 | D:3      | Noticed Sigmund
   834 | D:4      | Reached XP level 4. HP: 24/24 MP: 2/8
   965 | D:4      | HP: 1/24 [poisoned by a scorpion]
  1003 | D:3      | HP: 1/24 [poisoned by a worker ant]
  1010 | D:3      | Succumbed to a worker ant's poison

Illustrated notes

Levels and vault maps discovered:
D:1:      lightli_arrival_lavapool, layout_basic
D:2:      layout_basic, serial_corexii_hall, corexii_hall_statues_s,
          corexii_hall_statues_deadend, corexii_hall_statues_l,
          corexii_hall_statues_l, minmay_pentomino_p4, uniq_jessica,
          uniq_terence
D:3:      layout_loops_corners, lemuel_doored_altar, uniq_sigmund
D:4:      layout_basic, lemuel_crystal_altar, portal_sewer_entry_e, first_ration

Skill      XL: |  1  2  3 |
---------------+----------+-----
Fire Magic     | 4 |  4.4
Conjurations   | 2 |  2.0
Dodging        | |  2.4
Stealth        | |  2.3
Spellcasting   | |  2.9

Action                   |  1- 3 |  4- 6 || total
-------------------------+-------+-------++-------
Melee: Short sword       |     1 |     1 ||     2
       Kick              |     1 |     1 ||     2
 Cast: Foxfire           |    21 |    15 ||    36
  Use: Potion            |       |     2 ||     2
 Stab: Sleeping          |     1 |       ||     1
Armor: Robe              |     1 |       ||     1
Dodge: Dodged            |     2 |     9 ||    11
